 Dungeon Crawl Stone Soup version 0.32-a0-391-gce5c0aab1b (webtiles) character file.

Game seed: 1543508133884219809

70 Bravepunisher the Changeling (level 4, 0/23 HPs)
             Began as a Spriggan Shapeshifter on Feb 19, 2024.
             Slain by an iguana (4 damage)
             ... on level 4 of the Dungeon.
             The game lasted 00:04:15 (389 turns).

Bravepunisher the Changeling (Spriggan Shapeshifter) Turns: 389, Time: 00:04:15

Health: 0/23       AC:  2    Str: 12    XL:     4   Next: 4%
Magic:  5/5        EV: 17    Int: 11    God:
Gold:   28         SH:  0    Dex: 14    Spells: 3/3 levels left

rFire   . .          .
                       - Unarmed
rCold   . . .        (no shield)
rNeg    . . .        a - +0 animal skin
rPois   .            (helmet currently unavailable)
rElec   .            (cloak currently unavailable)
rCorr   .            (gloves unavailable)
SInv    +            (boots unavailable)
Will    .....        (no amulet)
Stlth   +            (no ring)
HPRegen 0.23/turn    (no ring)
MPRegen 0.09/turn

%: no passive effects
@: beast-form, very quick
A: beast (slay +2), very small, no large weapons, unfitting armour, see
invisible, speed 3
a: Begin Untransformation


You were on level 4 of the Dungeon.
You were a hulking beast.
You visited 1 branch of the dungeon, and saw 4 of its levels.

You collected 28 gold pieces.

Inventory:

Armour
 a - a +0 animal skin (worn)
Talismans
 c - a beast talisman (active)
 d - a flux talisman
Scrolls
 f - a scroll of poison {unknown}
Potions
 b - a potion of lignification
 e - a potion of enlightenment {unknown}
 g - a potion of curing {unknown}


   Skills:
 * Level 2.0 Fighting
 + Level 3.5 Dodging
 + Level 2.8 Unarmed Combat
 + Level 4.5 Shapeshifting


You had 3 spell levels left.
You didn't know any spells.
Your spell library contained the following spells:

 Spells                   Type           Power      Damage    Failure   Level
 Malign Gateway           Summ/Tloc      0%         N/A       100%        7
 Summon Horrible Things   Summ           0%         N/A       100%        8


Dungeon Overview and Level Annotations

Branches:
Dungeon (3/15)

Altars:
Ashenzari

Annotations:
D:4 Grinder, Menkaure


Innate Abilities, Weirdness & Mutations

You are a hulking beast.
Your limbs bulge with bestial killing power. (Slay +2)
You are very small and have problems with some larger weapons.
You are too small for most types of armour.
You have supernaturally acute eyesight. (SInv)
You cover ground extremely quickly. (Speed+++)


Message History

You hit the bombardier beetle.
The bombardier beetle is severely wounded.
The giant cockroach misses you. The giant cockroach barely misses you.
You hit the bombardier beetle.
You kill the bombardier beetle!
The giant cockroach bites you.
You have reached level 3!
Your experience leads to an increase in your attributes!
Increase (S)trength, (I)ntelligence, or (D)exterity?
You feel stronger. x2
You hit the giant cockroach.
You kill the giant cockroach!
Your Fighting skill increases to level 2!
You barely miss the gnoll.
You see here a ball python corpse.
You hit the gnoll.
The gnoll is lightly wounded.
The gnoll barely misses you.
You hit the gnoll.
The gnoll is heavily wounded.
The gnoll misses you.
You hit the gnoll.
The gnoll is almost dead.
The gnoll closely misses you.
You hit the gnoll.
You kill the gnoll!
You have reached level 4!
You hit the iguana but do no damage. The iguana bites you!
* * * LOW HITPOINT WARNING * * *
You closely miss the iguana. The iguana barely misses you.
You closely miss the iguana. The iguana bites you.
* * * LOW HITPOINT WARNING * * *
You hit the iguana.
The iguana is moderately wounded.
The iguana misses you.
You hit the iguana but do no damage.
The iguana is moderately wounded.
The iguana barely misses you. The iguana attacks as it pursues you!
The iguana bites you.
You die...

..# ..... ..#.#
##.#.# # ....# #.
#.#.# .o #.#.##.#
#.#. #h.....#
...o#######l#####
#.....##)#
...g.##.g..og# #.
#.####.......
#.#### ... #.#
#.####.#####.#...
#.#.###.# #.#
#....#..#.#.
#......# #.#
#..#.#..#...
#!....B# #.#
#.......##..


You could see an iguana and a gnoll.

Vanquished Creatures
  A bombardier beetle (D:4)
  A gnoll (D:4)
  An orc (D:4)
  4 giant cockroaches
  4 goblins
  A ball python (D:4)
  A frilled lizard (D:1)
  2 kobolds
  3 rats
18 creatures vanquished.

Notes
Turn   | Place    | Note
-------+----------+-------------------------------------------
     0 | D:1      | Bravepunisher the Spriggan Shapeshifter began the quest for
                  | the Orb.
     0 | D:1      | Reached XP level 1. HP: 9/9 MP: 2/2
    11 | D:1      | Reached skill level 1 in Fighting
    73 | D:1      | Reached XP level 2. HP: 14/14 MP: 3/3
   193 | D:3      | You fall into a shaft and drop 1 floor!
   212 | D:4      | Found a broken altar of Ashenzari.
   212 | D:4      | Noticed Grinder
   262 | D:4      | Noticed a howler monkey
   276 | D:4      | Noticed Menkaure
   361 | D:4      | Noticed a bombardier beetle
   375 | D:4      | Killed a bombardier beetle
   376 | D:4      | Reached XP level 3. HP: 7/18 MP: 4/4
   384 | D:4      | Reached XP level 4. HP: 12/23 MP: 5/5
   389 | D:4      | Slain by an iguana

Illustrated notes

Levels and vault maps discovered:
D:1:      giann_bridges, layout_loops_ring, serial_shops,
          nicolae_shop_window_shopping
D:2:      layout_loops_ring, chequers_serial_rivers_micro_e, uniq_jessica,
          uniq_sigmund, uniq_terence
D:3:      layout_basic, mainiacjoe_overflow_paths, serial_aquarium,
          aquarium_bridge_straight [aquarium_subvault_bridge,
          aquarium_subvault_balcony, aquarium_subvault_bridge,
          aquarium_subvault_wall], aquarium_window_2, aquarium_window_fake,
          aquarium_view_2e, aquarium_pool_corner, uniq_ijyb
D:4:      layout_basic, evilmike_ruin_ashenzari, st_stairs_9, uniq_grinder,
          uniq_crazy_yiuf_cottage, uniq_menkaure

Skill      XL: |  1  2  3 |
---------------+----------+-----
Fighting       | 1 2 |  2.0
Dodging        | 3 |  3.5
Unarmed Combat | |  2.8
Shapeshifting  | |  4.5

Action                     |  1- 3 |  4- 6 || total
---------------------------+-------+-------++-------
  Melee: Unarmed           |    41 |     5 ||    46
Ability: Begin Untransform |     1 |       ||     1
   Stab: Sleeping          |     1 |       ||     1
 Armour: Animal skin       |    12 |     3 ||    15
  Dodge: Dodged            |    36 |     3 ||    39
   Form: Beast             |     1 |       ||     1

Table legend: (Time is in decaauts)
 A = Elapsed time spent in this place.
 B = Non-inter-level travel time spent in this place.
 C = Inter-level travel time spent in this place.
 D = Time resting spent in this place.
 E = Time spent auto-exploring this place.
 F = Levels seen in this place.
 G = Mean time per level.
                   A        B        C        D        E       F      G
               +--------+--------+--------+--------+--------+-----+--------+
         Total |    259 |    233 |     26 |      0 |     35 |   4 |   64.8 |
       Dungeon |    259 |    233 |     26 |      0 |     35 |   4 |   64.8 |
               +--------+--------+--------+--------+--------+-----+--------+

Top non-repeatable levels by time:
     D:4: 133 daAuts
     D:1: 80 daAuts
     D:2: 42 daAuts
     D:3: 2 daAuts
